 Dungeon Crawl Stone Soup version 0.31-a0-1236-gaa9e43cceb (webtiles) character file.

Game seed: 2168949572595742315

158 PanWiadro the Cudgeller (level 5, -1/41 HPs)
             Began as an Armataur Berserker on Dec 15, 2023.
             Was an Initiate of Ru.
             Slain by a polar bear (6 damage)
             ... created by the rage of Trog
             ... on level 4 of the Dungeon.
             The game lasted 00:10:49 (2736 turns).

PanWiadro the Cudgeller (Armataur Berserker)        Turns: 2736, Time: 00:10:50

Health: -1/41      AC:  9    Str: 31    XL:     5   Next: 16%
Magic:  5/5        EV:  6    Int:  7    God:    Ru [......]
Gold:   77         SH:  7    Dex:  9    Spells: 4/4 levels left

rFire   . . .        n - +0 morningstar
rCold   . . .        c - +0 kite shield
rNeg    . . .        s - +0 chain mail
rPois   .            (no helmet)
rElec   .            (no cloak)
rCorr   .            m - +0 pair of gloves
SInv    .            (no barding)
Will    .....        (no amulet) Stlth
                     h - +6 ring of strength
HPRegen 0.26/turn    (no ring)
MPRegen 0.09/turn

%: roll
@: no status effects
A: large, deformed body, tough skin 3, armoured tail, roll 1, long tongue
a: Renounce Religion


You were on level 4 of the Dungeon.
You worshipped Ru.
Ru was noncommittal.
You visited 1 branch of the dungeon, and saw 4 of its levels.

You collected 77 gold pieces.

Inventory:

Hand Weapons
 a - a +0 mace
 g - a +0 sling
 i - a +0 club
 n - a +0 morningstar (weapon)
Missiles
 d - 29 stones
 k - 2 throwing nets (quivered)
Armour
 b - a +0 animal skin
 c - a +0 kite shield (worn)
 f - a +0 leather armour
 m - a +0 pair of gloves (worn)
 p - a +0 ring mail
 s - a +0 chain mail (worn)
Jewellery
 h - a +6 ring of strength (left hand)
Wands
 t - a wand of flame (12)
Scrolls
 e - 2 scrolls of identify {unknown}
 j - 2 scrolls of teleportation
 q - a scroll of amnesia {unknown}
Potions
 l - 2 potions of haste {unknown}
 o - a potion of might {unknown}
 r - a potion of lignification {unknown}
 u - a potion of attraction {unknown}


   Skills:
 + Level 3.5 Fighting
 + Level 4.0 Maces & Flails
 + Level 3.6 Armour
 + Level 1.8 Dodging
 + Level 0.1 Stealth
 + Level 0.8 Shields


You had 4 spell levels left.
You didn't know any spells.
Your spell library contained the following spells:

 Spells                   Type           Power      Damage    Failure   Level
 Ozocubu's Armour         Ice            0%         N/A       100%        3
 Ozocubu's Refrigeration  Ice            0%         4d7       100%        7


Dungeon Overview and Level Annotations

Branches:
Dungeon (4/15)
 Temple: D:4-7

Altars:
Kikubaaqudgha
Okawaru
Ru


Innate Abilities, Weirdness & Mutations

Armour fits poorly on your strangely shaped body.
You have extremely tough skin. (AC +3)
You have a long armoured tail.
You roll when moving toward enemies. (Rampage)
Your long tongue fully drains potion bottles. (2x potion effects)


Message History

There is an entrance to an ossuary on this level.
Hurry and find it before the portal is buried!
Found a stone staircase leading up.
There is a stone staircase leading up here.
There is a stone staircase leading up here.
Found 9 stones.
Found a white potion.
d - 29 stones (gained 9)
u - a white potion Unknown command.
Trog sends monsters to punish you. 2 polar bears and 3 black bears come into view.
The polar bear moves out of view.
The black bear rages.
The black bear bites you but does no damage.
The black bear claws you.
The black bear claws you but does no damage.
You hear the slow hiss of an avalanche of sand.
You block the polar bear's attack. x3
The polar bear attacks as it pursues you!
The polar bear bites you. The polar bear claws you.
The polar bear barely misses you. The black bear bites you!
The black bear claws you. You block the black bear's attack.
The polar bear bites you!
* * * LOW HITPOINT WARNING * * *
The polar bear claws you but does no damage. x2
The polar bear rages.
The black bear attacks as it pursues you!
The black bear barely misses you.
The black bear claws you but does no damage.
The black bear claws you.
* * * LOW HITPOINT WARNING * * *
The black bear rages.
The black bear bites you but does no damage.
The black bear claws you but does no damage. x2
The polar bear attacks as it pursues you!
You block the polar bear's attack.
The polar bear claws you but does no damage. x2
The polar bear bites you but does no damage.
The polar bear barely misses you. The polar bear claws you.
You die...

######## ### .. .... ###
##h## .# ...
##.###########.h.##.##..
#.............@#.h..#..
##.#########..###..##.#
#.# #..## ##h.#.# #.#
#..## ##.h.# # #.#
#..#.......#..#.# #.#
#..# #.....###...# #.#
#..# ##...# ##.......
#.###..# ##.# #..####
#..#... ... ...#


You could see a polar bear (berserk) and a black bear (berserk).

Vanquished Creatures
  2 orc wizards (D:3)
  3 adders
  A gnoll (D:1)
  3 dart slugs
  3 orcs (D:3)
  6 ball pythons
  4 bats
  5 endoplasms
  2 giant cockroaches (D:1)
  5 goblins
  10 hobgoblins
  4 quokkas
  4 frilled lizards (D:3)
  5 kobolds
  2 rats
59 creatures vanquished.

Notes
Turn   | Place    | Note
-------+----------+-------------------------------------------
     0 | D:1      | PanWiadro the Armataur Berserker began the quest for the
                  | Orb.
     0 | D:1      | Reached XP level 1. HP: 17/17 MP: 1/1
   173 | D:1      | Reached skill level 3 in Maces & Flails
   173 | D:1      | Reached XP level 2. HP: 24/24 MP: 2/2
   611 | D:1      | Reached XP level 3. HP: 20/29 MP: 3/3
  1235 | D:2      | Reached ** piety under Trog
  1564 | D:3      | Found a sacrificial altar of Ru.
  1573 | D:3      | Fell from the grace of Trog
  1573 | D:3      | Became a worshipper of Ru the Awakened
  1648 | D:3      | Reached XP level 4. HP: 32/35 MP: 4/4
  1908 | D:3      | Reached XP level 5. HP: 4/41 MP: 5/5
  2110 | D:3      | Reached skill level 4 in Maces & Flails
  2211 | D:3      | Found a faded altar of an unknown god.
  2246 | D:3      | Found an ancient bone altar of Kikubaaqudgha.
  2490 | D:3      | Found an iron altar of Okawaru.
  2730 | D:4      | Noticed a black bear
  2730 | D:4      | Noticed a polar bear
  2730 | D:4      | Noticed a black bear
  2730 | D:4      | Noticed a polar bear
  2730 | D:4      | Noticed a black bear
  2736 | D:4      | Slain by a polar bear

Illustrated notes

Levels and vault maps discovered:
D:1:      tarquinn_simple_flora_water_a, layout_loops_ring,
          hangedman_glass_teeth, nrook_mini_backslash, minmay_misc_feat_five
D:2:      layout_rooms
D:3:      layout_loops_ring, nicolae_overflow_ecumenical_swirl,
          overflow_temple_1_default, marbit_many_paths, reono_crystal_passage
D:4:      layout_loops_ring, nicolae_ossuary_entry_giza

Skill      XL: |  1  2  3  4  5 |
---------------+----------------+-----
Fighting       | 3 |  3.5
Maces & Flails | 3 4 |  4.0
Armour         | 3 |  3.6
Dodging        | |  1.8
Stealth        | |  0.1
Shields        | |  0.8

Action                     |  1- 3 |  4- 6 || total
---------------------------+-------+-------++-------
  Melee: Mace              |   119 |    69 ||   188
         Tailslap          |    11 |     7 ||    18
         Morningstar       |       |     1 ||     1
  Evoke: Wand              |       |     3 ||     3
    Use: Scroll            |     1 |       ||     1
         Potion            |     2 |     3 ||     5
 Armour: Animal skin       |    14 |       ||    14
         Leather armour    |    46 |       ||    46
         Ring mail         |    24 |     8 ||    32
         Chain mail        |       |    90 ||    90
         Skin              |       |     1 ||     1
  Dodge: Dodged            |    49 |    27 ||    76
  Block: Kite shield       |    46 |    33 ||    79

Table legend: (Time is in decaauts)
 A = Elapsed time spent in this place.
 B = Non-inter-level travel time spent in this place.
 C = Inter-level travel time spent in this place.
 D = Time resting spent in this place.
 E = Time spent auto-exploring this place.
 F = Levels seen in this place.
 G = Mean time per level.
                   A        B        C        D        E       F      G
               +--------+--------+--------+--------+--------+-----+--------+
         Total |   2797 |   2368 |    429 |      0 |   1635 |   4 |  699.2 |
       Dungeon |   2797 |   2368 |    429 |      0 |   1635 |   4 |  699.2 |
               +--------+--------+--------+--------+--------+-----+--------+

Top non-repeatable levels by time:
     D:3: 1142 daAuts
     D:1: 1078 daAuts
     D:2: 523 daAuts
     D:4: 53 daAuts
